 Dungeon Crawl Stone Soup version 0.32-a0-732-ga344392067 (webtiles) character file.

Game seed: 3610937219367600283

93 croobank the Chiller (level 4, -1/49 HPs)
             Began as a Mountain Dwarf Ice Elementalist on Mar 16, 2024.
             Was a Follower of Wu Jian.
             Incinerated by a bombardier beetle (3 damage)
             ... with a burning spray
             ... on level 3 of the Dungeon.
             The game lasted 00:07:32 (2464 turns).

croobank the Chiller (MDIE)                         Turns: 2464, Time: 00:07:32

Health: -1/49      AC: 29    Str: 10    XL:     4   Next: 37%
Magic:  0/7        EV:  2    Int: 24    God:    Wu Jian [*.....]
Gold:   61         SH:  0    Dex: 10    Spells: 1/8 levels left

rFire   . . .        a - +0 short sword
rCold   . . .        (no shield)
rNeg    . . .        d - melded +0 robe
rPois   +            (helmet currently unavailable)
rElec   .            (cloak currently unavailable)
rCorr   .            (gloves currently unavailable)
SInv    .            (boots currently unavailable)
Will    .....        (no amulet)
Stlth   +            i - +6 ring of intelligence
HPRegen 0.28/turn    (no ring)
MPRegen 0.10/turn

%: no passive effects
@: brilliant, on fire, ice-armoured, tree-form, freezing walls, glowing
A: stationary, stasis, torment immunity, boosted hp, runic magic, artefact
enchanting
a: Renounce Religion


You were on level 3 of the Dungeon.
You worshipped Wu Jian.
Wu Jian was aware of your devotion.
You were a tree.
You visited 1 branch of the dungeon, and saw 3 of its levels.

You collected 61 gold pieces.

Inventory:

Hand Weapons
 a - a +0 short sword (weapon)
 b - a +0 sling
 k - a +0 war axe
 s - a +0 trident
Armour
 d - a +0 robe (melded)
Jewellery
 i - a +6 ring of intelligence (left branch)
 n - a +6 ring of strength
Wands
 q - a wand of flame (9)
Scrolls
 e - a scroll of poison {unknown}
 f - a scroll of butterflies {unknown}
 h - 2 scrolls of teleportation {unknown}
 p - 2 scrolls of enchant armour {unknown}
 r - a scroll of blinking {unknown}
Potions
 c - a potion of attraction
 g - 2 potions of brilliance
 j - 2 potions of might
 l - a potion of enlightenment


   Skills:
 + Level 2.1 Dodging
 + Level 2.2 Stealth
 + Level 2.5 Spellcasting
 + Level 4.1 Ice Magic


You had one spell level left.
You knew the following spells:

 Your Spells              Type           Power      Damage    Failure   Level
a - Freeze                Ice            100%       1d10      2%          1
b - Frozen Ramparts       Ice            68%        1d11      6%          3
c - Ozocubu's Armour      Ice            34%        N/A       6%          3

Your spell library contained the following spells:

 Spells                   Type           Power      Damage    Failure   Level
 Ensorcelled Hibernation  Hex/Ice        38%        N/A       8%          2
 Summon Ice Beast         Ice/Summ       19%        N/A       14%         3
 Fugue of the Fallen      Necr           4%         N/A       34%         3
 Anguish                  Hex/Necr       2%         N/A       75%         4


Dungeon Overview and Level Annotations

Branches:
Dungeon (3/15)

Altars:
Wu Jian

Shops:
D:1 *


Innate Abilities, Weirdness & Mutations

You are a tree.
Your roots penetrate the ground, keeping you stationary.
You cannot be teleported.
You are immune to unholy pain and torment.
Your maximum health is greatly increased.
Your equipment is partially melded.
Your spellcasting is much less encumbered by armour.
You can use scrolls of enchantment on lesser artefacts.


Message History

You are even more covered in liquid fire!
Casting: Frozen Ramparts (dangerous; 6% risk of failure)
Confirm with . or Enter, or press ? or * to list all spells.
Casting: Frozen Ramparts (dangerous; 6% risk of failure)
Press: ? - help, Dir - look around, f - activate
Okay, then.
You shake off some of the fire as you move.
The liquid fire burns you!
* * * LOW HITPOINT WARNING * * *
The golden eye pulsates ominously.
It was a potion of lignification.
You turn into a tree.
Your +0 robe melds into your body.
Your roots penetrate the ground.
The liquid fire burns you!
* * * LOW HITPOINT WARNING * * *
It was a potion of curing.
You feel better. The liquid fire burns you!
* * * LOW HITPOINT WARNING * * *
Casting: Frozen Ramparts (dangerous; 6% risk of failure)
Confirm with . or Enter, or press ? or * to list all spells.
Casting: Frozen Ramparts (dangerous; 6% risk of failure)
Press: ? - help, Dir - look around, f - activate The walls around you are covered in ice.
The liquid fire burns you!
* * * LOW HITPOINT WARNING * * *
The wall freezes the bombardier beetle but does no damage.
The bombardier beetle sprays incendiary fluid at you.
The burning spray hits you.
You are even more covered in liquid fire!
Casting: Frozen Ramparts (dangerous; 6% risk of failure)
Confirm with . or Enter, or press ? or * to list all spells.
You don't have enough magic to cast this spell.
You feel clever all of a sudden. The liquid fire burns you!
* * * LOW HITPOINT WARNING * * *
The wall freezes the bombardier beetle but does no damage.
Casting: Frozen Ramparts (dangerous; 6% risk of failure)
Confirm with . or Enter, or press ? or * to list all spells.
You feel a surge of power! A film of ice covers your body!
The liquid fire burns you!
You die...

####### ###.....#####
#.......)††.#
(...###..)###.#
...#G#..♣#G#.#
###.###..B###.# ####
..............# #...
♣......._.[...#########.##
♣.#...........#<........#
♣...###...###.############
....#G#...#G#...........g.
. #.###...###.############
.....................


You could see a great orb of eyes, 2 eyes of devastation, a bombardier beetle
and a golden eye.

Vanquished Creatures
  2 gnolls (D:3)
  3 adders
  A ribbon worm (D:3)
  3 orcs
  6 ball pythons
  3 endoplasms (D:1)
  2 giant cockroaches
  3 hobgoblins (D:2)
  2 bats
  7 frilled lizards
  3 goblins
  5 kobolds
  8 rats
48 creatures vanquished.

Notes
Turn   | Place    | Note
-------+----------+-------------------------------------------
     0 | D:1      | croobank the Mountain Dwarf Ice Elementalist began the
                  | quest for the Orb.
     0 | D:1      | Reached XP level 1. HP: 14/14 MP: 3/3
   218 | D:1      | Reached XP level 2. HP: 11/20 MP: 3/5
   406 | D:1      | Found Owieh's Assorted Antiques.
  1145 | D:2      | Reached XP level 3. HP: 25/26 MP: 3/6
  1150 | D:2      | Learned a level 3 spell: Frozen Ramparts
  1869 | D:3      | Reached skill level 4 in Ice Magic
  2214 | D:3      | Reached XP level 4. HP: 28/33 MP: 0/7
  2286 | D:3      | Learned a level 3 spell: Ozocubu's Armour
  2312 | D:3      | Noticed a golden eye
  2313 | D:3      | Found a faded altar of an unknown god.
  2315 | D:3      | Noticed an eye of devastation
  2317 | D:3      | Noticed an eye of devastation
  2317 | D:3      | Noticed a great orb of eyes
  2429 | D:3      | Prayed at the altar of an unknown god.
  2429 | D:3      | Became a worshipper of the Wu Jian Council
  2429 | D:3      | Reached * piety under Wu Jian
  2463 | D:3      | HP: 2/49 [burnt (4)]
  2464 | D:3      | Incinerated by a bombardier beetle

Illustrated notes

Levels and vault maps discovered:
D:1:      minmay_arrival_solitary_statue, layout_rooms, serial_shops,
          nicolae_shop_stone, minmay_misc_feat_room, hangedman_decor_growths,
          minmay_misc_feat_enclosed
D:2:      layout_basic
D:3:      layout_basic, nicolae_yredelemnul_corpse_copse,
          hellmonk_ecumenical_altar_watching_god, uniq_jessica

Skill      XL: |  1  2  3 |
---------------+----------+-----
Spellcasting   | 2 |  2.5
Stealth        | 2 |  2.2
Dodging        | 2 |  2.1
Ice Magic      | 4 |  4.1

Action                     |  1- 3 |  4- 6 || total
---------------------------+-------+-------++-------
  Melee: Short sword       |    35 |    21 ||    56
   Cast: Freeze            |    32 |     1 ||    33
         Frozen Ramparts   |     9 |     4 ||    13
         Ozocubu's Armour  |       |     2 ||     2
Ability: Whirlwind         |       |    11 ||    11
  Evoke: Wand              |       |     5 ||     5
    Use: Scroll            |     3 |     1 ||     4
         Potion            |     1 |     4 ||     5
   Stab: Sleeping          |     2 |       ||     2
 Armour: Robe              |    28 |    12 ||    40
  Dodge: Dodged            |    27 |    10 ||    37

Table legend: (Time is in decaauts)
 A = Elapsed time spent in this place.
 B = Non-inter-level travel time spent in this place.
 C = Inter-level travel time spent in this place.
 D = Time resting spent in this place.
 E = Time spent auto-exploring this place.
 F = Levels seen in this place.
 G = Mean time per level.
                   A        B        C        D        E       F      G
               +--------+--------+--------+--------+--------+-----+--------+
         Total |   2463 |   2314 |    149 |    486 |   1373 |   3 |  821.0 |
       Dungeon |   2463 |   2314 |    149 |    486 |   1373 |   3 |  821.0 |
               +--------+--------+--------+--------+--------+-----+--------+

Top non-repeatable levels by time:
     D:2: 1353 daAuts
     D:1: 765 daAuts
     D:3: 344 daAuts
